 Dungeon Crawl Stone Soup version 0.29-a0-330-g52719c12eb (webtiles) character file.

Game seed: 16887163836607862365

4522 Armakuni the Prestidigitator (level 10, 0/74 HPs)
             Began as a Human Wanderer on Apr 14, 2022.
             Was a Follower of Elyvilon.
             Succumbed to a tengu warrior's poison
             ... on level 8 of the Dungeon.
             The game lasted 00:18:01 (6859 turns).

Armakuni the Prestidigitator (Human Wanderer)       Turns: 6859, Time: 00:18:02

Health: 0/74       AC: 11    Str: 15    XL:     10   Next: 66%
Magic:  10/10      EV: 10    Int: 15    God:    Elyvilon [*.....]
Gold:   415        SH:  5    Dex: 12    Spells: 9/9 levels left

rFire   + . .      SeeInvis +   a - staff of fire
rCold   + . .      Faith    .   f - orb {*Rage}
rNeg    + . .      Spirit   .   h - +1 ring mail
rPois   .          Reflect  +   z - +2 helmet of Aczyc {rC+ Will- Regen+ SInv}
rElec   .          Harm     .   (no cloak)
rCorr   +          Rampage  .   g - +0 pair of gloves
Will    .....      Rage     20% (no boots)
Stlth   +.........              H - amulet of reflection
HPRegen 1.02/turn               N - ring of positive energy
MPRegen 0.12/turn               K - ring of resist corrosion

@: lethally poisoned (0 -> -37), studying Poison Magic
A: no striking features
a: Renounce Religion, Purification


You were on level 8 of the Dungeon.
You worshipped Elyvilon.
Elyvilon was aware of your devotion.
You visited 2 branches of the dungeon, and saw 9 of its levels.

You collected 415 gold pieces.

Inventory:

Hand Weapons
 i - the +6 hunting sling "Giant's Toothpick" {vorpal, Str+3}
   (You found it on level 2 of the Dungeon)

   Any ammunition fired from it inflicts extra damage upon your enemies.
   Str:       It affects your strength (+3).
 l - a +3 shortbow
 o - a +0 quarterstaff
Missiles
 s - 2 curare-tipped darts
 y - a throwing net
Armour
 f - an orb of wrath (worn)
 g - a +0 pair of gloves (worn)
 h - a +1 ring mail (worn)
 z - the +2 helmet of Aczyc (worn) {rC+ Will- Regen+ SInv}
   (You acquired it on level 2 of the Dungeon)

   rC:        It protects you from cold.
   SInv:      It lets you see invisible.
   Regen:     It increases your rate of health regeneration.
   Will:      It decreases your willpower.
Magical Staves
 a - a staff of fire (weapon)
Jewellery
 H - an amulet of reflection (around neck)
 J - a ring of ice
 K - a ring of resist corrosion (right hand)
 N - a ring of positive energy (left hand)
Wands
 j - a wand of iceblast (7)
 m - a wand of mindburst (10)
 p - a wand of polymorph (20)
 v - a wand of flame (23)
Scrolls
 b - 2 scrolls of enchant weapon
 e - a scroll of amnesia
 k - a scroll of vulnerability
 r - 2 scrolls of blinking
 u - a scroll of enchant armour
 x - a scroll of noise
 A - 2 scrolls of fog
 C - a scroll of teleportation
 D - a scroll of brand weapon {unknown}
Potions
 c - 2 potions of haste {unknown}
 d - 2 potions of might
 n - 2 potions of curing
 q - 5 potions of heal wounds
 t - a potion of magic
 w - a potion of brilliance {unknown}
 B - a potion of mutation {unknown}


   Skills:
 - Level 5.0 Fighting
 - Level 1.1(3.1) Maces & Flails
 - Level 2.0(3.5) Polearms
 - Level 4.6(5.0) Staves
 - Level 2.0 Bows
 - Level 4.0 Armour
 - Level 1.0 Stealth
 + Level 9.2 Fire Magic
 + Level 9.2 Evocations


You had 9 spell levels left.
You didn't know any spells.
Your spell library contained the following spells:

 Spells                   Type           Power      Damage    Failure   Level
 Sting                    Tmut/Pois      0%         1d3       45%         1
 Poisonous Vapours        Pois/Air       0%         N/A       58%         2
 Stone Arrow              Conj/Erth      0%         3d7       83%         3
 Animate Armour           Summ/Erth      0%         N/A       99%         4
 Olgreb's Toxic Radiance  Pois           0%         N/A       99%         4
 Lehudib's Crystal Spear  Conj/Erth      0%         10d2      100%        8


Dungeon Overview and Level Annotations

Branches:
Dungeon (8/15)             Temple (1/1) D:7            Lair (0/6) D:8

Altars:
Ashenzari
Cheibriados
Dithmenos
Elyvilon
Fedhas
Hepliaklqana
Kikubaaqudgha
Makhleb
Nemelex Xobeh
Okawaru
Qazlal
Ru
Sif Muna
Trog
Uskayaw
Vehumet
Wu Jian
Xom
Yredelemnul
Zin
The Shining One

Shops:
D:3 :


Message History

You block the tengu warrior's attack. The tengu warrior misses you.
The tengu warrior claws you but does no damage.
You hit the tengu warrior. You burn the tengu warrior!
The tengu warrior is severely wounded.
You feel sick. The tengu warrior barely misses you.
You block the tengu warrior's attack.
The tengu warrior claws you but does no damage.
You closely miss the tengu warrior.
The tengu warrior is severely wounded.
You feel sick.
The tengu warrior hits you with a +0 broad axe of venom.
You are more poisoned.
The tengu warrior pecks you.
The tengu warrior claws you but does no damage.
You hit the tengu warrior.
The tengu warrior is severely wounded.
You feel very sick.
The tengu warrior hits you with a +0 broad axe of venom.
You are more poisoned.
The tengu warrior pecks you but does no damage.
You block the tengu warrior's attack. The tengu warrior blocks your attack.
The tengu warrior is severely wounded.
You feel very sick.
The tengu warrior hits you with a +0 broad axe of venom.
You are more poisoned.
The tengu warrior pecks you but does no damage.
You block the tengu warrior's attack. The tengu warrior blocks your attack.
The tengu warrior is severely wounded.
You feel extremely sick.
The tengu warrior hits you with a +0 broad axe of venom!
* * * LOW HITPOINT WARNING * * *
You are more poisoned.
The tengu warrior pecks you but does no damage.
The tengu warrior claws you.
* * * LOW HITPOINT WARNING * * *
You miss the tengu warrior.
The tengu warrior is severely wounded.
You die...

##* *.##### *
*,....## *** **#....#
*,, #.#*.# *,*
###.##.## *,*
#..@....# *,*
#.##Q.#.# *,*
##.##.#..#*** *****,*
#...........***,,,,,*
#.....##....#*,,****.
##.....##.....,,,* #.
#<............,,,* #.
###....##.##.#,,,* #.
####.#*,#*,,*,,* #.


You could see a tengu warrior.

Vanquished Creatures
  A wyvern (D:8)
  2 steam dragons (D:8)
  Menkaure (D:4)
  Edmund (D:4)
  2 water moccasins
  2 orc warriors
  A black bear (D:7)
  2 ice beasts
  2 ogres (D:6)
  2 sky beasts
  A centaur (D:8)
  3 phantoms
  Blork the orc (D:4)
  3 kobold brigands
  3 bullfrogs
  A scorpion (D:4)
  2 necrophages
  13 wights
  5 killer bees (D:7)
  A howler monkey (D:7)
  5 jellies
  3 orc priests
  7 hounds
  A gnoll shaman (D:6)
  3 iron imps (D:7)
  Ijyb (D:5)
  2 iguanas
  9 gnolls
  9 adders
  2 shadow imps (D:6)
  3 white imps
  2 ufetubi
  A worm (D:5)
  A dart slug (D:2)
  13 orcs
  5 ball pythons
  5 bats
  8 endoplasms
  4 giant cockroaches
  4 goblins
  2 hobgoblins (D:2)
  12 kobolds
  4 quokkas
  5 frilled lizards
  5 rats
165 creatures vanquished.

Vanquished Creatures (collateral kills)
  A kobold brigand (D:5)
1 creature vanquished.

Vanquished Creatures (others)
  2 fungi (D:7)
  5 plants
7 creatures vanquished.

Grand Total: 173 creatures vanquished

Notes
Turn   | Place    | Note
-------+----------+-------------------------------------------
     0 | D:1      | Armakuni the Human Wanderer began the quest for the Orb.
     0 | D:1      | Armakuni set off with the following items: a +2 shortbow, a
                  | +0 spear, a +0 scale mail, a potion of might
     0 | D:1      | Reached XP level 1. HP: 15/15 MP: 1/1
   113 | D:1      | Reached XP level 2. HP: 22/22 MP: 2/2
   288 | D:1      | Reached skill level 1 in Maces & Flails
   317 | D:1      | Reached XP level 3. HP: 27/27 MP: 3/3
   636 | D:2      | Identified the +6 hunting sling "Giant's Toothpick"
                  | {vorpal, Str+3}
   676 | D:2      | Reached skill level 1 in Staves
   676 | D:2      | Reached skill level 1 in Fire Magic
   676 | D:2      | Reached skill level 1 in Evocations
   676 | D:2      | Reached XP level 4. HP: 32/33 MP: 4/4
   979 | D:2      | Found a faded altar of an unknown god.
  1056 | D:2      | Identified a scroll of acquirement
  1056 | D:2      | Acquired the +2 helmet of Aczyc {rC+ Will- Regen+ SInv}
  1088 | D:2      | Reached XP level 5. HP: 34/38 MP: 5/5
  1808 | D:3      | Found Ottorr's Book Shop.
  2293 | D:4      | Reached XP level 6. HP: 44/44 MP: 6/6
  2309 | D:4      | Noticed Blork the orc
  2318 | D:4      | Killed Blork the orc
  2344 | D:4      | Reached XP level 7. HP: 50/50 MP: 7/7
  2752 | D:4      | Reached XP level 8. HP: 56/56 MP: 8/8
  2813 | D:4      | Noticed Edmund
  2829 | D:4      | Killed Edmund
  2943 | D:4      | Noticed Menkaure
  2951 | D:4      | Killed Menkaure
  2952 | D:4      | Reached skill level 5 in Fire Magic
  2952 | D:4      | Reached skill level 5 in Evocations
  3375 | D:5      | Entered Level 5 of the Dungeon
  3375 | D:5      | Noticed Ijyb
  3390 | D:5      | Killed Ijyb
  3840 | D:5      | Reached skill level 5 in Fighting
  3840 | D:5      | Reached XP level 9. HP: 68/68 MP: 9/9
  3916 | D:5      | Found an iron altar of Okawaru.
  4313 | D:5      | Found a blossoming altar of Fedhas.
  4313 | D:5      | Found a shadowy altar of Dithmenos.
  5275 | D:6      | Reached XP level 10. HP: 74/74 MP: 10/10
  5871 | D:7      | Found a staircase to the Ecumenical Temple.
  5881 | Temple   | Entered the Ecumenical Temple
  5957 | Temple   | Became a worshipper of Elyvilon the Healer
  6079 | D:7      | Found an ancient bone altar of Kikubaaqudgha.
  6313 | D:7      | Found a burning altar of Makhleb.
  6509 | D:8      | Found a snail-covered altar of Cheibriados.
  6631 | D:8      | Found a staircase to the Lair.
  6694 | D:8      | Acquired a manual of Poison Magic
  6780 | D:8      | Reached * piety under Elyvilon
  6790 | D:8      | Noticed a two-headed ogre
  6790 | D:8      | Noticed a tengu warrior
  6795 | D:8      | Noticed a gargoyle
  6859 | D:8      | Succumbed to a tengu warrior's poison

Illustrated notes

Levels and vault maps discovered:
D:1:      lemuel_arrival_muddy, layout_rooms
D:2:      minmay_spotlight, layout_basic, ebering_ecumenical_altar_abandoned,
          minmay_tree_intersection, minmay_quadrilaterals
D:3:      layout_basic, serial_shops, nicolae_shop_advertising_works
          [nicolae_subvault_shop_adworks]
D:4:      cheibrodos_barr_body, layout_loops_ring, minmay_crystal_room,
          hangedman_abyss_or_decor_passed, serial_bayou_ford_a,
          minmay_curled_crystal, uniq_blork_the_orc, uniq_edmund, uniq_menkaure
D:5:      layout_loops_ring, lemuel_round_altar, jmf_multi_god_temple,
          st_stairs_14, minmay_misc_feat_plants, grunt_tough_drop, uniq_ijyb
D:6:      layout_basic
D:7:      layout_basic, demons_altar, mainiacjoe_overflow_boulevard,
          minmay_temple_entry_arrows
D:8:      wad_pebble_path, layout_rooms, lemuel_round_altar,
          hangedman_abyss_or_decor_lesser_grid, minmay_the_grid_2x2
          [minmay_the_grid_odd_star, minmay_the_grid_outer_circle,
          minmay_the_grid_garden, minmay_the_grid_prize_shrinking_boxes]
Temple:   eino_wide_crystal_templ

Skill      XL: |  1  2  3  4  5  6  7  8  9 10 |
---------------+-------------------------------+-----
Fighting       | 2 5 |  5.0
Maces & Flails | 1 |  1.1
Staves         | 1 2 3 4 |  4.6
Fire Magic     | 1 2 3 4 5 7 9 |  9.2
Evocations     | 1 2 3 4 5 7 9 |  9.2
Polearms       | |  2.0
Bows           | |  2.0
Armour         | |  4.0
Stealth        | |  1.0

Action                   |  1- 3 |  4- 6 |  7- 9 | 10-12 || total
-------------------------+-------+-------+-------+-------++-------
Melee: Staff             |       |       |   304 |   127 ||   431
 Fire: Shortbow          |    55 |       |       |       ||    55
       Hunting sling     |     5 |    87 |    40 |       ||   132
Evoke: Wand              |       |       |       |     5 ||     5
  Use: Scroll            |     1 |     7 |     6 |     5 ||    19
       Potion            |       |       |     3 |       ||     3
 Stab: Invisible         |       |       |     1 |       ||     1
Armor: Scale mail        |     3 |       |       |       ||     3
       Leather armour    |     6 |     8 |       |       ||    14
       Ring mail         |       |     2 |   127 |    56 ||   185
Dodge: Dodged            |    20 |    28 |   115 |    55 ||   218
Block: Other             |       |     9 |    17 |       ||    26
       Orb               |       |       |    35 |    30 ||    65
       Reflection        |       |       |     2 |       ||     2

Table legend: (Time is in decaauts)
 A = Elapsed time spent in this place.
 B = Non-inter-level travel time spent in this place.
 C = Inter-level travel time spent in this place.
 D = Time resting spent in this place.
 E = Time spent auto-exploring this place.
 F = Levels seen in this place.
 G = Mean time per level.
                   A        B        C        D        E       F      G
               +--------+--------+--------+--------+--------+-----+--------+
         Total |   7246 |   7007 |    239 |   1214 |   4144 |   9 |  805.1 |
       Dungeon |   7155 |   6924 |    231 |   1214 |   4113 |   8 |  894.4 |
        Temple |     91 |     83 |      8 |      0 |     31 |   1 |   91.0 |
               +--------+--------+--------+--------+--------+-----+--------+

Top non-repeatable levels by time:
     D:4: 1274 daAuts
     D:5: 1212 daAuts
     D:6: 1170 daAuts
     D:7: 834 daAuts
     D:3: 821 daAuts
     D:2: 781 daAuts
     D:1: 648 daAuts
     D:8: 414 daAuts
  Temple: 91 daAuts
